 Dungeon Crawl Stone Soup version 0.30-a0-953-g5f1da4a474 (webtiles) character file.

Game seed: 3660688667914361614

1680 NotreDorf the Chopper (level 8, 0/73 HPs)
             Began as a Minotaur Berserker on Mar 28, 2023.
             Was an Elder of Trog.
             Slain by a chaos spawn (8 damage)
             ... summoned by a kobold demonologist
             ... on level 6 of the Dungeon.
             The game lasted 00:25:08 (4537 turns).

NotreDorf the Chopper (Minotaur Berserker)          Turns: 4537, Time: 00:25:09

Health: 0/73       AC: 12    Str: 23    XL:     8   Next: 71%
Magic:  7/7        EV: 11    Int:  4    God:    Trog [****..]
Gold:   182        SH:  5    Dex: 11    Spells: 7/7 levels left

rFire   . . .      SeeInvis .    d - +0 executioner's axe
rCold   . . .      Faith    .    (shield currently unavailable)
rNeg    . . .      Spirit   .    v - +2 ring mail {Will+}
rPois   .          Reflect  +    (helmet restricted)
rElec   .          Rampage  .    (no cloak)
rCorr   .                        c - +0 pair of gloves
Will    +....                    b - +1 pair of boots
Stlth   +                        m - amulet of reflection
HPRegen 0.32/turn                (no ring)
MPRegen 0.10/turn                (no ring)

@: on berserk cooldown, slowed, very slow
A: horns 2, retaliatory headbutt
a: Renounce Religion, Berserk, Trog's Hand, Brothers in Arms


You were on level 6 of the Dungeon.
You worshipped Trog.
Trog was greatly pleased with you.
You visited 1 branch of the dungeon, and saw 6 of its levels.

You collected 182 gold pieces.

Inventory:

Hand Weapons
 d - a +0 executioner's axe (weapon)
Missiles
 p - 2 javelins (quivered)
Armour
 b - a +1 pair of boots (worn)
 c - a +0 pair of gloves (worn)
 v - a +2 ring mail of willpower (worn)
Jewellery
 m - an amulet of reflection (around neck)
Wands
 r - a wand of flame (8)
Scrolls
 e - a scroll of teleportation
 f - a scroll of vulnerability {unknown}
 k - 2 scrolls of enchant weapon {unknown}
 n - a scroll of noise {unknown}
 t - a scroll of fog {unknown}
Potions
 a - a potion of invisibility {unknown}
 g - 2 potions of might
 i - a potion of mutation {unknown}
 j - a potion of curing
 o - a potion of attraction {unknown}
 q - a potion of lignification {unknown}


   Skills:
 + Level 7.5 Fighting
 + Level 7.5 Axes
 + Level 7.1 Armour
 - Level 2.1 Dodging
 + Level 5.9 Unarmed Combat


You had 7 spell levels left.
You didn't know any spells.
Your spell library was empty.

Dungeon Overview and Level Annotations

Branches:
Dungeon (6/15)
 Temple: D:4-7

Altars:
Wu Jian

Shops:
D:4 =

Annotations:
D:4 2 runed translucent doors, DeathPants's ghost, novice VSMo


Innate Abilities, Weirdness & Mutations

You have a pair of horns on your head.
You reflexively headbutt those who attack you in melee.


Message History

The gnoll shouts!
You see here a bullfrog corpse.
You barely miss the gnoll sergeant.
You feel sick.
The gnoll sergeant hits you but does no damage.
The iron imp shouts, "Decamp, thou frothy guts-griping fleecer!"
You carve the gnoll sergeant like a ham!!!
You kill the gnoll sergeant!
Trog accepts your kill.
You are no longer berserk.
You are exhausted.
You feel yourself slow down.
You feel sick. The iron imp puffs mist at you.
You slice the kobold demonologist!!
The kobold demonologist is severely wounded.
You feel sick.
The kobold demonologist looks braver for a moment.
The kobold demonologist hits you but does no damage.
The kobold demonologist closely misses you.
You hit the kobold demonologist but do no damage.
You headbutt the kobold demonologist.
The kobold demonologist is severely wounded.
You feel sick.
You are no longer poisoned.
The kobold demonologist begins to cast a cantrip, but forgets the words!
The kobold demonologist casts a spell.
You miss the kobold demonologist.
Your headbutt misses the kobold demonologist.
The kobold demonologist is severely wounded.
You barely miss the chaos spawn.
The sun demon disappears in a puff of smoke!
The kobold demonologist mumbles some strange words.
The chaos spawn hits you but does no damage.
The kobold demonologist looks encouraged for a moment.
The chaos spawn closely misses you.
You barely miss the kobold demonologist.
The kobold demonologist is severely wounded.
You closely miss the chaos spawn.
You block the kobold demonologist's attack.
The chaos spawn hits you!
You die...

...# ##.# ##.## ###
##### ....#
##.####...#
##..#####.......#.#
#.......).####)..#
...######### ##.##
#### #4# #@#
#K########
#gg...g.g.
##5S....#. #.#.##.#
..#.# #.# # ... #.#


You could see a kobold demonologist, a chaos spawn (summoned), 2 gnolls, an
adder and a shadow imp (summoned).

Vanquished Creatures
  A troll (D:6)
  Sigmund (D:3)
  A shadow (D:6)
  Eustachio (D:4)
  Menkaure (D:4)
  2 bullfrogs (D:6)
  A gnoll sergeant (D:6)
  A scorpion (D:6)
  5 hounds
  A jelly (D:5)
  4 orc priests
  2 iguanas
  4 orc wizards
  Ijyb (D:4)
  Robin (D:3)
  8 adders
  A worm (D:2)
  3 dart slugs
  16 orcs
  8 bats
  2 endoplasms (D:1)
  4 giant cockroaches
  7 goblins
  12 hobgoblins
  8 jackals
  2 quokkas
  8 ball pythons
  4 frilled lizards (D:1)
  8 kobolds
  6 rats
124 creatures vanquished.

Notes
Turn   | Place    | Note
-------+----------+-------------------------------------------
     0 | D:1      | NotreDorf the Minotaur Berserker began the quest for the
                  | Orb.
     0 | D:1      | Reached XP level 1. HP: 19/19 MP: 0/0
   145 | D:1      | Reached XP level 2. HP: 27/27 MP: 1/1
   235 | D:1      | Reached skill level 1 in Unarmed Combat
   548 | D:1      | Reached ** piety under Trog
   607 | D:1      | Reached XP level 3. HP: 32/33 MP: 2/2
  1076 | D:2      | Reached XP level 4. HP: 37/40 MP: 3/3
  1288 | D:3      | Noticed Sigmund
  1317 | D:3      | Killed Sigmund
  1318 | D:3      | Reached skill level 5 in Fighting
  1318 | D:3      | Reached skill level 5 in Axes
  1318 | D:3      | Reached XP level 5. HP: 15/48 MP: 4/4
  1461 | D:3      | Reached XP level 6. HP: 56/56 MP: 5/5
  1778 | D:3      | Reached *** piety under Trog
  2102 | D:3      | Noticed Robin
  2110 | D:3      | Killed Robin
  2629 | D:4      | Noticed Ijyb
  2632 | D:4      | Found a large runed translucent door.
  2632 | D:4      | Found a large runed translucent door.
  2635 | D:4      | Killed Ijyb
  2651 | D:4      | Noticed DeathPants's ghost (novice VSMo)
  2689 | D:4      | Reached skill level 5 in Armour
  2698 | D:4      | Reached XP level 7. HP: 20/61 MP: 6/6
  2859 | D:4      | Found an ornate altar of the Wu Jian Council.
  2891 | D:4      | Noticed Eustachio
  2909 | D:4      | Killed Eustachio
  3065 | D:4      | Noticed Menkaure
  3070 | D:4      | Killed Menkaure
  3215 | D:4      | Found Edwaclo's Jewellery Shoppe.
  3609 | D:5      | Entered Level 5 of the Dungeon
  3991 | D:5      | Reached **** piety under Trog
  4181 | D:5      | Reached XP level 8. HP: 71/71 MP: 7/7
  4509 | D:6      | Reached skill level 5 in Unarmed Combat
  4512 | D:6      | Noticed a kobold demonologist
  4518 | D:6      | Noticed a troll
  4523 | D:6      | Killed a troll
  4526 | D:6      | Noticed a sun demon
  4537 | D:6      | Slain by a chaos spawn

Illustrated notes

Levels and vault maps discovered:
D:1:      onia_arrival_mini_spirals, layout_basic
D:2:      layout_basic
D:3:      layout_basic, eino_tiny_chamber, roderic_roman_lattice,
          chequers_serial_rivers_room_a, kennysheep_generic_room_11, uniq_robin,
          uniq_sigmund
D:4:      layout_loops_corners, nzn_wu_jian_contemplation, serial_shops,
          nicolae_shop_temple_entry_statues_fountains,
          ebering_ghost_disaster_area, minmay_misc_feat_encased, uniq_eustachio,
          uniq_menkaure, uniq_ijyb
D:5:      corexii_shack_village, layout_basic
D:6:      minmay_cornered_nines, layout_loops_cross, led_sif_pool,
          minmay_misc_feat_cross

Skill      XL: |  1  2  3  4  5  6  7  8 |
---------------+-------------------------+-----
Unarmed Combat | 1 2 3 4 5 |  5.9
Fighting       | 4 5 6 7 |  7.5
Axes           | 4 5 6 7 |  7.5
Armour         | 3 4 5 6 7 |  7.1
Dodging        | |  2.1

Action                     |  1- 3 |  4- 6 |  7- 9 || total
---------------------------+-------+-------+-------++-------
  Melee: Hand axe          |    82 |    22 |       ||   104
         Headbutt          |     9 |    16 |    17 ||    42
         Punch             |     1 |     1 |       ||     2
         Executioner's axe |       |    78 |   106 ||   184
  Throw: Javelin           |       |       |     2 ||     2
 Invoke: Berserk           |       |       |     1 ||     1
    Use: Scroll            |       |     4 |     4 ||     8
         Potion            |       |     2 |     1 ||     3
 Armour: Leather armour    |    18 |       |       ||    18
         Ring mail         |       |    51 |    66 ||   117
  Dodge: Dodged            |    53 |    72 |    70 ||   195
  Block: Other             |       |     8 |    35 ||    43
         Reflection        |       |       |     1 ||     1

Table legend: (Time is in decaauts)
 A = Elapsed time spent in this place.
 B = Non-inter-level travel time spent in this place.
 C = Inter-level travel time spent in this place.
 D = Time resting spent in this place.
 E = Time spent auto-exploring this place.
 F = Levels seen in this place.
 G = Mean time per level.
                   A        B        C        D        E       F      G
               +--------+--------+--------+--------+--------+-----+--------+
         Total |   4652 |   4527 |    125 |    137 |   3522 |   6 |  775.3 |
       Dungeon |   4652 |   4527 |    125 |    137 |   3522 |   6 |  775.3 |
               +--------+--------+--------+--------+--------+-----+--------+

Top non-repeatable levels by time:
     D:4: 1252 daAuts
     D:3: 1200 daAuts
     D:5: 897 daAuts
     D:1: 741 daAuts
     D:2: 489 daAuts
     D:6: 72 daAuts
